 Dungeon Crawl Stone Soup version 0.28-b1-25-g9875b3fc8c (webtiles) character file.

Game seed: 8382927848963146865

2310 vvl the Digger (level 9, -1/74 HPs)
             Began as a Grey Draconian Venom Mage on Feb 2, 2022.
             Was an Initiate of Kikubaaqudgha.
             Slain by a hornet (4 damage)
             ... while paralysed by a hornet
             ... on level 7 of the Dungeon.
             The game lasted 00:23:21 (9635 turns).

vvl the Digger (Grey Draconian Venom Mage)          Turns: 9635, Time: 00:23:22

Health: -1/74      AC: 12    Str: 11    XL:     9   Next: 18%
Magic:  7/16       EV:  2    Int: 19    God:    Kikubaaqudgha [......]
Gold:   359        SH:  0    Dex: 12    Spells: 6/18 levels left

rFire   + . .      SeeInvis .   r - +1 short sword (venom)
rCold   . . .      Faith    .   (no shield)
rNeg    + . .      Spirit   .   (armour unavailable)
rPois   .          Reflect  .   v - +0 hat
rElec   .          Harm     .   (no cloak)
rCorr   .          Rampage  .   (no gloves)
Will    .....                   (no boots)
Stlth   ++........              (no amulet)
HPRegen 0.22/turn               k - ring of protection from fire
MPRegen 0.15/turn               A - ring of positive energy

@: paralysed, lethally poisoned (-1 -> -7), attractive, slowed
A: AC +12, amphibious, unfitting armour, cold-blooded
a: Renounce Religion


You were on level 7 of the Dungeon.
You worshipped Kikubaaqudgha.
Kikubaaqudgha was noncommittal.
You visited 2 branches of the dungeon, and saw 8 of its levels.
You also visited: Sewer.

You collected 359 gold pieces.

Inventory:

Hand Weapons
 a - a +0 short sword
 o - a +0 hand crossbow
 r - a +1 short sword of venom (weapon)
 y - a +1 spear of venom
 B - the +5 hunting sling of Disaster {speed, Will+ Str+4 SInv}
   (You found it on level 7 of the Dungeon)

   Attacks with this weapon are significantly faster.
   Str:       It affects your strength (+4).
   SInv:      It lets you see invisible.
   Will:      It increases your willpower.
 C - the +5 mace of Mubum {freeze, Contam rElec rC+++ Int+2}
   (You found it on level 7 of the Dungeon)

   It freezes those it strikes, dealing additional cold damage.
   It can also slow down cold-blooded creatures.
   Int:       It affects your intelligence (+2).
   rC:        It renders you almost immune to cold.
   rElec:     It insulates you from electricity.
   Contam:    It causes magical contamination when unequipped.
Missiles
 p - 62 bolts
Armour
 v - a +0 hat (worn)
Jewellery
 k - a ring of protection from fire (left hand)
 A - a ring of positive energy (right hand)
Wands
 x - a wand of digging (6)
Scrolls
 b - a scroll of vulnerability {unknown}
 c - a scroll of silence {unknown}
 d - a scroll of fog {unknown}
 e - 3 scrolls of identify {unknown}
 f - 2 scrolls of enchant armour {unknown}
 h - a scroll of blinking {unknown}
 i - a scroll of teleportation {unknown}
 t - a scroll of torment {unknown}
 u - 2 scrolls of fear {unknown}
Potions
 g - 2 potions of berserk rage {unknown}
 j - 3 potions of attraction
 l - a potion of invisibility {unknown}
 m - a potion of brilliance {unknown}
 n - a potion of mutation {unknown}
 q - 4 potions of magic {unknown}
 s - a potion of resistance
 w - a potion of ambrosia {unknown}
 z - a potion of flight {unknown}


   Skills:
 + Level 5.2 Fighting
 - Level 2.0 Dodging
 - Level 2.0 Stealth
 + Level 5.0 Spellcasting
 + Level 0.0 Conjurations
 + Level 3.9 Necromancy
 + Level 5.0 Transmutations
 + Level 6.1 Earth Magic
 + Level 5.8 Poison Magic
 + Level 0.0 Evocations


You had 6 spell levels left.
You knew the following spells:

 Your Spells              Type           Power      Damage    Failure   Level
a - Sting                 Tmut/Pois      100%       1d8       1%          1
b - Poisonous Vapours     Pois/Air       30%        N/A       5%          2
c - Passwall              Tmut/Erth      21%        N/A       1%          2
d - Stone Arrow           Conj/Erth      32%        3d9       11%         3
e - Olgreb's Toxic Radia  Pois           27%        N/A       11%         4

Your spell library contained the following spells:

 Spells                   Type           Power      Damage    Failure   Level
 Sandblast                Erth           56%        2d13      1%          1
 Summon Small Mammal      Summ           16%        N/A       12%         1
 Mephitic Cloud           Conj/Pois/Air  12%        N/A       17%         3
 Call Canine Familiar     Summ           4%         N/A       36%         3
 Summon Guardian Golem    Hex/Summ       4%         N/A       36%         3


Dungeon Overview and Level Annotations

Branches:
Dungeon (7/15)             Temple (1/1) D:6           Sewer (visited)

Altars:
Cheibriados
Dithmenos
Elyvilon
Fedhas
Gozag
Hepliaklqana
Kikubaaqudgha
Makhleb
Nemelex Xobeh
Okawaru
Qazlal
Ru
Sif Muna
Trog
Uskayaw
Wu Jian
Xom
The Shining One

Shops:
D:7 [


Innate Abilities, Weirdness & Mutations

Your dull iron-grey scales are very hard. (AC +12)
You are amphibious.
You cannot fit into any form of body armour.
You are cold-blooded and may be slowed by cold attacks.


Message History

You hit the orc.
You kill the orc!
Kikubaaqudgha accepts your kill. The orc warrior barely misses you.
Casting: Sting (safe; 1% risk of failure)
Confirm with . or Enter, or press ? or * to list all spells.
Aiming: Poisonous Vapours (safe; 5% risk of failure)
Press: ? - help, Dir - move target, f - hornet
Aim: a hornet Poisonous vapours surround the hornet!
The hornet is poisoned.
The hornet stings you but does no damage.
The orc warrior hits you from afar with a +0 trident.
Casting: Poisonous Vapours (safe; 5% risk of failure)
Confirm with . or Enter, or press ? or * to list all spells.
Aiming: Poisonous Vapours (safe; 5% risk of failure)
Press: ? - help, Dir - move target, f/p - hornet
Aim: a hornet (lightly wounded, poisoned) Poisonous vapours surround the hornet!
The hornet looks even sicker.
The hornet stings you but does no damage.
The hornet barely misses you. The orc warrior barely misses you.
You hit the hornet.
The hornet looks as sick as possible!
You tail-slap the hornet, but do no damage.
The hornet is moderately wounded.
The hornet stings you!
You feel yourself slow down. The orc warrior barely misses you.
The hornet stings you.
You are poisoned.
You feel as though you will be slow longer.
It was a potion of attraction.
You feel attractive to monsters.
You feel very sick. The hornet stings you!
* * * LOW HITPOINT WARNING * * *
You suddenly lose the ability to move!
The orc warrior hits you from afar with a +0 trident!
* * * LOW HITPOINT WARNING * * *
The hornet stings you but does no damage.
* * * LOW HITPOINT WARNING * * *
You feel sick. The hornet stings you.
You die...
Kikubaaqudgha rasps: "You have failed me!
Welcome... death!"

.#...#####....###.....
.......#.#.....#
#..........##
#......##..#
.#......#...#
............######
....#####..........
.#.. ##)..#.#..# #..
##@####
....######y#.##
#......oo...#..
###....Z.?....#
#.....#.......
##.)###....".$ #..
....... #..# ......#
.... ###..##


You could see a hornet (very poisoned), an orc warrior (poisoned), an orc and a
water moccasin skeleton.

Vanquished Creatures
  Edmund (D:5)
  A water moccasin (D:5)
  Duvessa (D:5)
  A black bear (D:6)
  An ice beast (D:6)
  2 ogres
  4 phantoms
  A kobold brigand (D:6)
  A bullfrog (D:6)
  2 gnoll sergeants
  A scorpion (D:5)
  Dowan (D:5)
  5 killer bees (D:4)
  A centaur zombie (D:5)
  A bullfrog skeleton (D:6)
  A centaur skeleton (D:4)
  An orc priest (D:6)
  A jelly (D:6)
  A hound (D:4)
  2 iguanas
  4 orc wizards
  A hound skeleton (D:4)
  7 gnolls
  A howler monkey skeleton (D:6)
  9 adders
  6 river rats
  A shadow imp (D:5)
  A white imp (D:7)
  5 worms
  17 orcs
  8 ball pythons
  7 endoplasms
  A giant cockroach (D:4)
  14 hobgoblins
  13 jackals
  36 kobolds
  3 quokkas
  3 bats
  4 frilled lizards
  10 goblins
  22 rats
203 creatures vanquished.

Vanquished Creatures (others)
  2 fungi (D:1)
  2 plants (D:1)
4 creatures vanquished.

Grand Total: 207 creatures vanquished

Notes
Turn   | Place    | Note
-------+----------+-------------------------------------------
     0 | D:1      | vvl the Draconian Venom Mage began the quest for the Orb.
     0 | D:1      | Reached XP level 1. HP: 14/14 MP: 3/3
    63 | D:1      | Found a faded altar of an unknown god.
   249 | D:1      | Reached XP level 2. HP: 7/22 MP: 3/5
   742 | D:1      | Reached skill level 1 in Fighting
  1001 | D:1      | Reached XP level 3. HP: 28/28 MP: 3/6
  2353 | D:3      | Reached XP level 4. HP: 34/35 MP: 2/7
  2583 | D:3      | Found a glowing drain.
  2649 | Sewer    | Entered a sewer
  2950 | Sewer    | Reached XP level 5. HP: 41/41 MP: 3/9
  3976 | D:3      | Found a shimmering altar of Xom.
  4421 | D:4      | Noticed an ogre
  4435 | D:4      | Killed an ogre
  4436 | D:4      | Reached XP level 6. HP: 21/50 MP: 5/11
  4705 | D:4      | Reached skill level 1 in Necromancy
  4784 | D:4      | Reached skill level 1 in Earth Magic
  5772 | D:4      | Your scales start taking on a dull iron-grey colour.
  5772 | D:4      | Reached XP level 7. HP: 21/57 MP: 12/12
  6026 | D:4      | Reached skill level 2 in Earth Magic
  6458 | D:5      | Entered Level 5 of the Dungeon
  6614 | D:5      | Reached skill level 3 in Earth Magic
  6665 | D:5      | Reached skill level 5 in Poison Magic
  6700 | D:5      | Reached XP level 8. HP: 62/66 MP: 7/14
  6704 | D:5      | Noticed Edmund
  6797 | D:5      | Killed Edmund
  6798 | D:5      | Reached skill level 4 in Earth Magic
  7042 | D:5      | Noticed Duvessa
  7044 | D:5      | Noticed Dowan
  7053 | D:5      | Killed Duvessa
  7061 | D:5      | Killed Dowan
  7260 | D:5      | Reached skill level 5 in Earth Magic
  7357 | D:5      | Identified the +1 ring mail "Kemafil" {rElec rC+ Str+5
                  | Int+3}
  7797 | D:6      | Reached skill level 5 in Fighting
  7976 | D:6      | Reached XP level 9. HP: 43/74 MP: 8/16
  8417 | D:6      | Reached skill level 5 in Spellcasting
  8557 | D:6      | Found a staircase to the Ecumenical Temple.
  8674 | D:6      | Reached skill level 6 in Earth Magic
  8683 | D:6      | Reached skill level 5 in Transmutations
  9115 | Temple   | Entered the Ecumenical Temple
  9296 | Temple   | Became a worshipper of Kikubaaqudgha
  9300 | Temple   | Learned a level 2 spell: Poisonous Vapours
  9303 | Temple   | Learned a level 2 spell: Passwall
  9307 | Temple   | Learned a level 3 spell: Stone Arrow
  9312 | Temple   | Learned a level 4 spell: Olgreb's Toxic Radiance
  9551 | D:7      | Found Cheibriados's Comfort Zone.
  9553 | D:7      | Found a snail-covered altar of Cheibriados.
  9564 | D:7      | Identified the +5 hunting sling of Disaster {speed, Will+
                  | Str+4 SInv}
  9575 | D:7      | Identified the +5 mace of Mubum {freeze, Contam rElec rC+++
                  | Int+2}
  9634 | D:7      | Paralysed by a hornet for 3 turns
  9635 | D:7      | HP: 3/74 [poisoned by a hornet]
  9635 | D:7      | Slain by a hornet

Illustrated notes

Levels and vault maps discovered:
D:1:      tarquinn_simple_flora_water_d, layout_rooms,
          hellmonk_ecumenical_altar_pennies_from_heaven
D:2:      layout_loops_ring
D:3:      layout_rooms, nicolae_overflow_hidden_temple,
          lightli_sewer_entry_pipes, minmay_tree_intersection,
          chequers_serial_rivers_small_3
D:4:      layout_basic
D:5:      wander_river, layout_cave_pools, uniq_edmund, uniq_duvessa
D:6:      layout_loops_cross, minmay_temple_entry_antechambers
D:7:      layout_cave_pools, mainiacjoe_overflow_24_doors, minmay_shop_chei,
          serial_park_tiny_pond
Temple:   minmay_crystal_spiral_temple

Skill      XL: |  1  2  3  4  5  6  7  8  9 |
---------------+----------------------------+-----
Stealth        | 2 |  2.0
Dodging        | 2 |  2.0
Fighting       | 1 2 3 4 5 |  5.2
Transmutations | 2 3 4 5 |  5.0
Spellcasting   | 3 4 5 |  5.0
Poison Magic   | 4 5 |  5.8
Necromancy     | 1 2 3 |  3.9
Earth Magic    | 1 3 5 6 |  6.1

Action                   |  1- 3 |  4- 6 |  7- 9 || total
-------------------------+-------+-------+-------++-------
Melee: Unarmed           |    33 |       |       ||    33
       Tailslap          |     7 |    21 |    24 ||    52
       Short sword       |    45 |   121 |   144 ||   310
       Dagger            |       |    59 |       ||    59
       Punch             |       |     3 |     2 ||     5
 Cast: Sting             |    86 |   119 |   141 ||   346
       Poisonous Vapours |       |       |     2 ||     2
  Use: Potion            |       |     2 |     1 ||     3
       Scroll            |       |       |     1 ||     1
 Stab: Sleeping          |       |     1 |       ||     1
Armor: Skin              |    46 |    99 |   111 ||   256
Dodge: Dodged            |    81 |   149 |   160 ||   390
